 Dungeon Crawl Stone Soup version 0.20.0-10-g0535bb4 (webtiles) character file.

3500 kuniqs the Blocker (level 9, -6/72 HPs)
             Began as a Minotaur Fighter on June 7, 2017.
             Was a Believer of Ru.
             Mangled by an ogre
             ... wielding a +0 giant club
              (17 damage)
             ... on level 8 of the Dungeon.
             The game lasted 00:10:55 (7423 turns).

kuniqs the Blocker (Minotaur Fighter)               Turns: 7423, Time: 00:10:56

Health: -6/72      AC: 39    Str: 23    XL:     9   Next: 80%
Magic:  0/8        EV: 10    Int:  5    God:    Ru [**....]
Gold:   615        SH: 11    Dex: 11    Spells: 8/8 levels left

rFire    + . .     SeeInvis +   E - +1 hand axe (flame)
rCold    . . .     Gourm    .   c - +0 shield
rNeg     . . .     Faith    .   C - +27 Lear's hauberk
rPois    .         Spirit   +   (helmet currently unavailable)
rElec    .         Reflect  .   (no cloak)
rCorr    .         Harm     .   (gloves currently unavailable)
MR       +....                  (boots currently unavailable)
Stlth    ..........             m - amulet of guardian spirit
Regen    0.3/turn               j - ring of protection from fire
MPRegen  0.2/turn               o - ring of see invisible

@: no status effects
A: retaliatory headbutt, horns 2, frail 1, magic resistance 1, shaggy fur 1,
wild magic 1, evolution 1
a: Renounce Religion


You were on level 8 of the Dungeon.
You worshipped Ru.
Ru was pleased with you.
You were not hungry.

You visited 2 branches of the dungeon, and saw 10 of its levels.

You collected 615 gold pieces.

Inventory:

Hand Weapons
 a - a +1 war axe
 E - a +1 hand axe of flaming (weapon)
Missiles
 y - a throwing net (quivered)
Armour
 c - a +0 shield (worn)
 C - the +27 Lear's hauberk (worn)
   (You found it on level 8 of the Dungeon)
Jewellery
 j - a ring of protection from fire (left hand)
 k - an uncursed ring of protection from magic
 m - an amulet of guardian spirit (around neck)
 o - a ring of see invisible (right hand)
 H - an uncursed ring of protection from cold
Wands
 v - a wand of confusion (27/48)
 z - a wand of flame (35/48)
 G - a wand of iceblast (4/15)
Scrolls
 f - 3 scrolls of enchant armour
 g - 10 scrolls of teleportation
 l - 2 scrolls of identify {@r1}
 q - a scroll of magic mapping {unknown}
 u - 2 scrolls of enchant weapon
 x - 2 scrolls of blinking
 B - a scroll of remove curse {@r2}
 D - a scroll of recharging {unknown}
Potions
 b - 3 potions of curing {@q1}
 h - a potion of haste
 i - a potion of berserk rage {unknown}
 n - 2 potions of cancellation
 r - 4 potions of mutation
 s - 3 potions of flight
 w - 4 potions of agility {unknown}
 A - a potion of invisibility {unknown}
Comestibles
 d - 8 bread rations
 e - 3 meat rations
 t - 2 royal jellies


   Skills:
 + Level 8.1 Fighting
 + Level 8.3 Axes
 + Level 8.2 Armour
 + Level 6.7 Dodging
 + Level 8.4 Shields


You had 8 spell levels left.
You didn't know any spells.

Dungeon Overview and Level Annotations

Branches:
Dungeon (9/15)             Temple (1/1) D:6
   Lair: D:8-11         Orc: D:9-12

Altars:
Ashenzari
Cheibriados
Dithmenos
Elyvilon
Fedhas
Gozag
Hepliaklqana
Kikubaaqudgha
Makhleb
Nemelex Xobeh
Okawaru
Qazlal
Ru
Sif Muna
Trog
Uskayaw
Vehumet
Xom
Yredelemnul
Zin
The Shining One

Shops:
D:8 [   D:9 %


Innate Abilities, Weirdness & Mutations

You reflexively headbutt those who attack you in melee.
You have a pair of horns on your head.
You are frail. (-10% HP)
You are resistant to hostile enchantments. (MR+)
You are covered in fur. (AC +1)
Your spells are a little harder to cast, but a little more powerful.
You evolve.


Message History

The orc priest begins to pray, but is stunned by your will!
The orc wizard begins to cast a spell, but is stunned by your will!
You block the orc's attack.
The orc priest invokes the aid of Beogh against you.
Beogh smites you!
The orc priest invokes the aid of Beogh against you.
Beogh smites you!
The orc wizard mumbles some strange words.
The orc wizard seems to speed up.
The orc priest begins to pray, but is stunned by your will!
There is a stone staircase leading up here.
The orc wizard casts a spell.
The orc wizard flickers and vanishes for a moment.
The orc priest mumbles some strange prayers to Beogh against you.
Beogh smites you!
* * * LOW HITPOINT WARNING * * *
You climb upwards.
The ogre shouts!
The ogre barely misses you. The ogre hits you with a giant club!!
You die...

......#####.##.## ##.......####.
...^............####.........####
...................'.........'...
.....##.###.#...####.........####
....###.# #.#...# ##.......## #
##.## #.# #.#.#.## ##.....## #
#.# #.# #.#.#..## ##...## # #.#
#.# #.####### ##'## # #.# #.###.#
##@## #.# # #.# #.....##8..O8#
#.# # #.# #####.##.....#
##.######## ##.#
###8.....8###.......... ...#
##.....###........##. ####
#8...8##.........##.
##.....#####.##...##. _....._#
#.##...... #.....# #.##.####.


You could see an ogre.

Vanquished Creatures
  Grinder (D:3)
  5 yaks (D:9)
  2 orc warriors
  A sky beast (D:6)
  A black bear (D:7)
  2 ogres
  3 centaurs
  3 bullfrogs
  2 scorpions
  5 killer bees (D:9)
  5 wights
  4 howler monkeys
  3 crimson imps
  4 hounds
  2 quasits
  3 orc priests
  4 orc wizards
  A jelly (D:6)
  An iguana (D:9)
  Terence (D:2)
  2 worker ants (D:5)
  2 hound skeletons
  A howler monkey zombie (D:5)
  Robin (D:3)
  2 howler monkey skeletons
  A worker ant zombie (D:5)
  13 adders
  4 gnolls (D:3)
  A shadow imp (D:7)
  2 oozes
  3 adder zombies
  An adder skeleton (D:4)
  4 worms
  2 dart slugs
  6 leopard geckos
  19 orcs
  11 bats
  7 giant cockroaches
  9 hobgoblins
  2 jackals (D:1)
  7 kobolds
  4 quokkas
  2 ball pythons
  6 frilled lizards
  14 goblins
  8 rats
187 creatures vanquished.

Notes
Turn   | Place    | Note
-------+----------+-------------------------------------------
     0 | D:1      | kuniqs the Minotaur Fighter began the quest for the Orb.
     0 | D:1      | Reached XP level 1. HP: 19/19 MP: 0/0
   214 | D:1      | Reached skill level 1 in Dodging
   214 | D:1      | Reached XP level 2. HP: 27/27 MP: 1/1
   575 | D:2      | Reached XP level 3. HP: 25/33 MP: 2/2
   801 | D:2      | Found a white marble altar of Elyvilon.
  1027 | D:2      | Gained mutation: You are covered in fur. (AC +1) [potion of mutation]
  1027 | D:2      | Gained mutation: You evolve. [potion of mutation]
  1199 | D:2      | Gained mutation: You are resistant to hostile enchantments. (MR+) [evolution]
  1215 | D:2      | Reached XP level 4. HP: 32/40 MP: 3/3
  1261 | D:2      | Noticed Terence
  1268 | D:2      | Killed Terence
  1675 | D:3      | Reached XP level 5. HP: 43/46 MP: 4/4
  1685 | D:3      | Noticed Robin
  1704 | D:3      | Killed Robin
  2246 | D:3      | Noticed Grinder
  2257 | D:3      | Paralysed by Grinder for 2 turns
  2274 | D:3      | Paralysed by Grinder for 7 turns
  2525 | D:4      | Reached skill level 5 in Shields
  2525 | D:4      | Reached XP level 6. HP: 53/53 MP: 5/5
  2926 | D:4      | Reached skill level 5 in Armour
  3146 | D:5      | Entered Level 5 of the Dungeon
  3150 | D:5      | Reached skill level 5 in Fighting
  3307 | D:5      | HP: 2/56 [wight/short sword of freezing (1)]
  3310 | D:5      | Reached XP level 7. HP: 1/61 MP: 0/6
  3621 | D:5      | Reached skill level 5 in Axes
  3736 | D:5      | Found a stormy altar of Qazlal.
  4277 | D:5      | Found a shadowy altar of Dithmenos.
  4693 | D:3      | Killed Grinder
  4693 | D:3      | Reached XP level 8. HP: 55/70 MP: 7/7
  4928 | D:6      | Found a glowing golden altar of the Shining One.
  4981 | D:6      | Found a sparkling altar of Nemelex Xobeh.
  5073 | D:6      | Found a staircase to the Ecumenical Temple.
  5086 | Temple   | Entered the Ecumenical Temple
  5151 | Temple   | Became a worshipper of Ru the Awakened
  5291 | D:6      | Reached skill level 5 in Dodging
  5716 | D:7      | Found a shadowy altar of Dithmenos.
  5905 | D:7      | Reached XP level 9. HP: 79/79 MP: 8/8
  6078 | D:7      | Gained mutation: Your spells are a little harder to cast, but a little more powerful. [evolution]
  6246 | D:8      | Found a basalt altar of Yredelemnul.
  6293 | D:8      | Found Uhaogoniq's Armour Emporium.
  6355 | D:8      | Gained mutation: You are frail. (-10% HP) [Ru sacrifice]
  6355 | D:8      | Reached * piety under Ru
  6355 | D:8      | Reached ** piety under Ru
  6374 | D:8      | Found a white marble altar of Elyvilon.
  6374 | D:8      | Found a shattered altar of Ashenzari.
  7114 | D:9      | Found Reriofap's Food Shoppe.
  7423 | D:8      | Mangled by an ogre

Skill      XL: |  1  2  3  4  5  6  7  8  9 |
---------------+----------------------------+-----
Dodging        | 1 2 3 4 5 6 |  6.7
Shields        | 4 5 6 7 8 |  8.4
Armour         | 4 5 6 7 8 |  8.2
Axes           | 3 4 5 7 8 |  8.3
Fighting       | 4 5 6 7 8 |  8.1

Action                   |  1- 3 |  4- 6 |  7- 9 || total
-------------------------+-------+-------+-------++-------
Melee: War axe           |    83 |       |   141 ||   224
       Headbutt          |     5 |    47 |    71 ||   123
       Broad axe         |     2 |   227 |   180 ||   409
       Hand axe          |       |       |    15 ||    15
Invok: Sacrifice Health  |       |       |     1 ||     1
  Use: Potion            |     3 |     2 |       ||     5
       Scroll            |     2 |     6 |     4 ||    12
 Stab: Distracted        |       |       |     1 ||     1
  Eat: Chunk             |     1 |     7 |    14 ||    22
Armor: Scale mail        |    42 |    13 |       ||    55
       Chain mail        |       |   131 |    75 ||   206
       Plate armour      |       |       |   122 ||   122
Dodge: Dodged            |    28 |    84 |    96 ||   208
Block: Shield            |    38 |   154 |   222 ||   414
